Map: Dusk Towers

Players

CraftMaster

  • Race: Zerg Zerg
  • League: Gold

LilDicky - Winner!

  • Race: Terran Terran
  • League: Gold

VOD

http://www.twitch.tv/tumescentpie

Description

Time

  • Played on: Nov. 20, 2015, 12:28 a.m.
  • Length: 11:37
Show
View Real Time Build Order
Export as new Build Order

CraftMaster Zerg 

Build Orders: Hatch First 

Get SALT Encoding   

  12  0:01  Drone  
  13  0:30  Hatchery  
  13  0:34  Drone  
  13  0:38  Drone  
  14  0:44  Extractor  
  14  0:45  Drone  
  15  1:01  Spawning Pool  
  14  1:08  Extractor  
  14  1:09  Drone  
  15  1:12  Overlord  
  15  1:33  Drone x3  
  15  1:39  Extractor  
  17  1:49  Queen  
  17  1:50  Drone x2  
  21  1:56  Roach Warren  
  20  2:05  Drone  
  20  2:07  Drone  
  20  2:08  Drone x2  
  24  2:17  Overlord  
  24  2:25  Overlord  
  24  2:38  Drone x3  
  27  2:49  Drone  
  28  3:04  Roach x6  
  40  3:11  Extractor  
  40  3:12  Drone x2  
  41  3:18  Queen  
  43  3:21  Drone  
  43  3:25  Overlord  
  44  3:41  Overlord  
  44  3:46  Roach  
  44  3:47  Roach x3  
  52  3:52  Overlord  
  52  3:59  Drone x2  
  54  4:05  Lair  
  54  4:30  Zergling x18  
  54  4:31  Zergling x4  
  65  4:38  Metabolic Boost  
  65  4:45  Evolution Chamber  
  65  4:46  Drone x2  
  66  4:53  Ravager x2  
  66  4:55  Overlord x2  
  60  5:16  Roach x4  
  60  5:17  Roach x3  
  72  5:34  Roach x3  
  69  5:46  Ravager  
  70  5:57  Drone x5  
  70  5:58  Drone x2  
  70  6:02  Extractor  
  76  6:04  Extractor  
  68  6:28  Zerg Melee Weapons Level 1  
  68  6:32  Hatchery  
  67  6:45  Zergling x16  
  67  6:46  Zergling x6  
  76  7:17  Evolution Chamber  
  76  7:18  Drone x7  
  76  7:19  Drone  
  83  7:43  Queen  
  85  7:47  Zergling x10  
  85  7:49  Overlord x3  
  90  7:57  Overlord x2  
  90  8:06  Queen  
  79  8:34  Zergling x8  
  79  8:35  Zergling x2  
  79  8:39  Lair  
  79  8:41  Zergling x12  
  84  8:43  Zergling x6  
  79  9:10  Hatchery  
  78  9:18  Roach Warren  
  71  9:48  Spawning Pool  
  65  10:41  Drone x2  
  65  10:42  Drone x2  
  66  10:43  Queen  
  66  10:47  Drone x2  
  66  11:05  Hydralisk Den  
  61  11:12  Spore Crawler  
Show
View Real Time Build Order
Export as new Build Order

LilDicky Terran - Winner!

Build Orders: Command Center First (CC) 

Get SALT Encoding   

  12  0:01  SCV  
  13  0:13  SCV  
  14  0:18  Supply Depot  
  14  0:28  SCV  
  15  0:40  SCV  
  16  0:52  SCV  
  17  1:06  SCV  
  17  1:07  Command Center  
  18  1:18  SCV  
  19  1:29  Barracks  
  19  1:33  SCV, Refinery  
  20  1:45  SCV  
  21  1:57  SCV  
  23  2:18  Barracks, Marine  
  23  2:20  Orbital Command  
  23  2:21  Orbital Command  
  23  2:28  Bunker  
  23  2:37  Refinery, Marine  
  24  2:45  Factory  
  24  2:46  SCV  
  24  2:48  SCV  
  26  2:55  Marine  
  27  2:58  SCV  
  27  3:00  SCV  
  29  3:11  Supply Depot, SCV  
  30  3:15  Barracks Tech Lab  
  30  3:17  SCV  
  31  3:21  Barracks Tech Lab  
  31  3:23  SCV  
  32  3:29  SCV, Refinery  
  32  3:30  Refinery  
  32  3:31  Factory Tech Lab  
  35  3:34  Marauder  
  35  3:35  SCV  
  35  3:37  Stimpack  
  37  3:41  SCV, Supply Depot  
  37  3:42  Marauder  
  37  3:47  SCV  
  40  3:53  SCV  
  41  3:56  Siege Tank  
  41  3:58  Marauder  
  46  4:03  SCV  
  46  4:05  SCV  
  46  4:07  Supply Depot  
  46  4:08  Marauder  
  50  4:15  SCV  
  50  4:18  Supply Depot  
  50  4:20  Marauder  
  52  4:30  Supply Depot  
  52  4:35  Marauder  
  54  4:39  Siege Tank  
  54  4:42  Supply Depot, Marauder  
  54  4:43  SCV  
  60  4:45  SCV  
  61  4:56  Starport, Marauder  
  63  5:03  Marauder  
  62  5:15  Siege Tank  
  65  5:21  SCV  
  65  5:22  Supply Depot  
  65  5:25  Marauder x2  
  65  5:26  Concussive Shells  
  56  5:46  SCV x2  
  56  5:47  Starport Reactor  
  61  5:50  Siege Tank  
  61  5:51  Marauder x2  
  61  5:55  Barracks  
  65  5:58  SCV x2, Barracks  
  65  6:00  Engineering Bay  
  65  6:01  Engineering Bay  
  67  6:04  Supply Depot  
  67  6:23  SCV  
  67  6:24  Medivac x2  
  70  6:47  Marauder x2  
  70  6:49  Barracks Reactor  
  70  6:50  Barracks Reactor  
  70  6:53  Supply Depot  
  74  6:56  Supply Depot, Medivac  
  74  6:57  Medivac  
  74  6:58  Siege Tank  
  74  7:01  SCV  
  82  7:09  Marauder x2  
  86  7:30  Marauder  
  86  7:36  Marine x2  
  86  7:37  Marine x2, Marauder  
  92  7:42  Medivac x2  
  101  7:44  Siege Tank  
  103  7:51  Marauder  
  103  7:55  Command Center  
  103  8:15  Marine  
  104  8:28  Marauder x2, Marine x2  
  104  8:31  Marine  
  104  8:32  SCV  
  104  8:33  Marine  
  109  8:35  Supply Depot  
  109  8:38  Terran Infantry Weapons Level 1  
  109  8:39  Terran Infantry Armor Level 1, Supply Depot x2  
  107  8:43  Armory  
  107  8:46  Marine x2  
  109  8:52  Marauder x2  
  102  9:06  Marine  
  103  9:13  Marauder x2  
  107  9:27  Marine x3  
  107  9:28  Siege Tank  
  107  9:29  Medivac x2  
  117  9:34  Marauder x2  
  121  9:50  Marine x2  
  123  9:56  Marauder x2  
  123  9:59  Medivac  
  127  10:17  Marauder  
  126  10:45  Marauder, Marine x2  
  126  10:46  Orbital Command, Marauder  
  132  10:57  Marine x2  
  134  11:04  Marine x2  
  134  11:07  Marauder x2  
  140  11:14  Refinery  
  140  11:17  Command Center  
  140  11:18  Refinery, Barracks  
  140  11:19  Barracks  
  140  11:20  Barracks  
  138  11:26  Command Center  
Tags
 
Add a new tag
Caveats
  • Supply blocks, unpowered buildings, or Contaminate may cause inaccurate times.
  • Supply counts are checked every 10 seconds.